 Dungeon Crawl Stone Soup version 0.25.1-2-g60ff931df9 (webtiles) character file.

Game seed: 8004497888370587658

137 snek11 the Digger (level 5, 0/31 HPs)
             Began as an Octopode Earth Elementalist on Oct 13, 2020.
             Was an Initiate of Qazlal.
             Succumbed to a scorpion's poison
             ... on level 3 of the Dungeon.
             The game lasted 00:23:04 (2564 turns).

snek11 the Digger (Octopode Earth Elementalist)     Turns: 2564, Time: 00:23:04

Health: 0/31       AC:  3    Str:  7    XL:     5   Next: 20%
Magic:  1/8        EV: 14    Int: 16    God:    Qazlal [......]
Gold:   79         SH:  0    Dex: 13    Spells: 3/9 levels left

rFire    . . .     SeeInvis .   l - staff of conjuration (curse)
rCold    . . .     Gourm    .   (no shield)
rNeg     . . .     Faith    .   a - +2 hat
rPois    .         Spirit   .   (no amulet)
rElec    .         Reflect  .   (no ring)
rCorr    .         Harm     .   (no ring)
MR       .....                  (no ring)
Stlth    +++.......             (no ring)
HPRegen  0.10/turn              (no ring)
MPRegen  0.11/turn              (no ring)
                                (no ring)
                                (no ring)

@: lethally poisoned (0 -> -9)
A: almost no armour, stealthy swim, amphibious, 8 rings, constrict 8, fangs 1,
tentacle spike 1, camouflage 1, dopey 1, gelatinous body 1
a: Renounce Religion


You were on level 3 of the Dungeon.
You worshipped Qazlal.
Qazlal was noncommittal.
You were not hungry.

You visited 1 branch of the dungeon, and saw 3 of its levels.

You collected 79 gold pieces.

Inventory:

Hand Weapons
 d - a +3 dagger of draining
 e - a +2 whip of electrocution
Missiles
 b - 99 stones (quivered)
 f - 25 bolts
Armour
 a - a +2 hat (worn)
 i - a +0 leather armour
 k - a +0 robe
Magical Staves
 l - a cursed staff of conjuration (weapon)
Scrolls
 m - 2 scrolls of fog
Comestibles
 c - 4 rations


   Skills:
 * Level 2.7 Dodging
 * Level 3.8 Stealth
 - Level 0.9 Unarmed Combat
 * Level 2.6 Spellcasting
 - Level 1.0 Transmutations
 * Level 4.4 Earth Magic


You had 3 spell levels left.
You knew the following spells:

 Your Spells              Type           Power        Failure   Level  Hunger
a - Sandblast             Erth           ###...       3%          1    #......
b - Passwall              Tmut/Erth      ##......     10%         2    ##.....
c - Stone Arrow           Conj/Erth      ##....       24%         3    ###....

Your spell library contained the following spells:

 Spells                   Type           Power        Failure   Level  Hunger
 Confusing Touch          Hex            #.......     52%         3    ###....
 Gell's Gravitas          Tloc           #.........   52%         3    ###....
 Petrify                  Tmut/Erth      ##......     54%         4    #####..
 Lee's Rapid Deconstruct  Erth           ###.......   65%         5    ######.
 Metabolic Englaciation   Hex/Ice        #.........   99%         5    ######.
 Yara's Violent Unravell  Hex/Tmut       #.........   99%         5    ######.


Dungeon Overview and Level Annotations

Branches:
Dungeon (3/15)

Altars:
Elyvilon
Qazlal
Ru
Sif Muna
Yredelemnul


Innate Abilities, Weirdness & Mutations

You cannot wear most types of armour.
You are very stealthy in the water. (Stealth+)
You are amphibious.
You can wear up to eight rings at the same time.
You can use your tentacles to constrict eight enemies at once.
Your skin changes colour to match your surroundings (Stealth+).
Your rubbery body absorbs attacks. (AC +1, EV +1)
You have very sharp teeth.
One of your tentacles bears a spike.
You are dopey. (Int -2)


Message History

Unknown command.
You closely miss the rat. You grab the rat. You squeeze the rat.
The rat is moderately wounded.
You constrict the rat.
* * * LOW HITPOINT WARNING * * *
You feel sick. The rat bites you.
* * * LOW HITPOINT WARNING * * *
You hit the rat.
You kill the rat!
Qazlal accepts your kill.
* * * LOW HITPOINT WARNING * * *
You feel sick.
It was a potion of mutation.
You feel extremely strange.
You feel stupid.
Your teeth lengthen and sharpen.
One of your lower tentacles grows a sharp spike.
* * * LOW HITPOINT WARNING * * *
You feel sick.
* * * LOW HITPOINT WARNING * * *
You feel sick.
You die...

....#.#........)........
.........#.#####.##.###
....#.#.##.# #.#
........##.# #.## #
...###.###.# #..#.#####
...# #.....######'#......
...# #####.##...........#
...# #.##...........#
...# #.##...@)......#
...# #.##...........#
...#######.##...........#
...........##...........#
...........##...........#
...........##..%........#
...........########+#####
...........# ...........+


There were no monsters in sight!

Vanquished Creatures
  A scorpion (D:3)
  A gnoll (D:1)
  An adder (D:3)
  An ooze (D:1)
  2 worms (D:2)
  3 leopard geckos
  4 giant cockroaches
  10 goblins
  6 hobgoblins
  2 ball pythons (D:1)
  6 bats
  3 frilled lizards (D:1)
  4 kobolds
  8 rats
52 creatures vanquished.

Notes
Turn   | Place    | Note
-------+----------+-------------------------------------------
     0 | D:1      | snek11 the Octopode Earth Elementalist began the quest for
                  | the Orb.
     0 | D:1      | Reached XP level 1. HP: 11/11 MP: 3/3
   139 | D:1      | Reached XP level 2. HP: 17/17 MP: 0/5
   335 | D:1      | Reached XP level 3. HP: 21/21 MP: 6/6
   629 | D:1      | Reached skill level 4 in Earth Magic
  1438 | D:2      | Reached XP level 4. HP: 27/27 MP: 7/7
  1591 | D:2      | Learned a level 2 spell: Passwall
  1595 | D:2      | Learned a level 3 spell: Stone Arrow
  1895 | D:2      | Found a basalt altar of Yredelemnul.
  1895 | D:2      | Found a sacrificial altar of Ru.
  1900 | D:2      | Found a white marble altar of Elyvilon.
  1907 | D:2      | Found a shimmering blue altar of Sif Muna.
  1909 | D:2      | Found a stormy altar of Qazlal.
  1968 | D:2      | Became a worshipper of Qazlal Stormbringer
  2559 | D:3      | Reached XP level 5. HP: 7/31 MP: 1/8
  2562 | D:3      | Gained mutation: You are dopey. (Int -2) [potion of
                  | mutation]
  2562 | D:3      | Gained mutation: You have very sharp teeth. [potion of
                  | mutation]
  2562 | D:3      | Gained mutation: One of your tentacles bears a spike.
                  | [potion of mutation]
  2563 | D:3      | HP: 1/31 [poisoned by a scorpion]
  2564 | D:3      | Succumbed to a scorpion's poison

Illustrated notes

Levels and vault maps discovered:
D:1:      dpeg_arrival_rhombus, layout_basic, minmay_bisected
D:2:      layout_basic, chequers_temple_overflow_minitemple
D:3:      layout_basic, serial_glass, glass_columns_a, glass_columns_a,
          glass_columns_c, glass_columns_a, glass_columns_b, first_ration

Skill      XL: |  1  2  3 |
---------------+----------+-----
Earth Magic    | 4 |  4.4
Stealth        | 3 |  3.8
Dodging        | |  2.7
Unarmed Combat | |  0.9
Spellcasting   | |  2.6
Transmutations | |  1.0

Action                   |  1- 3 |  4- 6 || total
-------------------------+-------+-------++-------
Melee: Unarmed           |    23 |       ||    23
       Constrict         |    16 |     7 ||    23
       Tentacles         |     5 |     6 ||    11
       Dagger            |    43 |     3 ||    46
       Staff             |       |    22 ||    22
 Cast: Sandblast         |    12 |     6 ||    18
       Stone Arrow       |       |     3 ||     3
  Use: Potion            |       |     4 ||     4
       Scroll            |       |     3 ||     3
 Stab: Sleeping          |     6 |     4 ||    10
  Eat: Chunk             |     2 |     2 ||     4
       Ration            |       |     1 ||     1
Armor: Skin              |     7 |     2 ||     9
Dodge: Dodged            |    35 |    22 ||    57
